 Dungeon Crawl Stone Soup version 0.26-a0-652-gafc20e3620 (webtiles) character file.

Game seed: 7412892340831120197

46 GarryLv the Sneak (level 3, -8/18 HPs)
             Began as a Spriggan Brigand on Oct 2, 2020.
             Shot with an arrow by a centaur (10 damage)
             ... on level 2 of the Dungeon.
             The game lasted 00:08:24 (1001 turns).

GarryLv the Sneak (Spriggan Brigand)                Turns: 1001, Time: 00:08:25

Health: -8/18      AC:  3    Str:  7    XL:     3   Next: 44%
Magic:  4/4        EV: 17    Int: 12    God:
Gold:   33         SH:  5    Dex: 18    Spells: 2/2 levels left

rFire    . . .     SeeInvis +   a - +2 dagger
rCold    . . .     Faith    .   (shield restricted)
rNeg     . . .     Spirit   .   b - +0 robe
rPois    .         Reflect  +   (helmet restricted)
rElec    .         Harm     .   c - +0 cloak
rCorr    .         Rampage  .   (gloves unavailable)
MR       .....                  (boots unavailable)
Stlth    ++++......             k - amulet of reflection
HPRegen  0.06/turn              (no ring)
MPRegen  0.09/turn              (no ring)

@: very quick
A: very small, unfitting armour, see invisible, speed 3
a: no special abilities


You were on level 2 of the Dungeon.
You visited 1 branch of the dungeon, and saw 2 of its levels.

You collected 33 gold pieces.

Inventory:

Hand Weapons
 a - a +2 dagger (weapon)
Missiles
 d - 4 poisoned darts (quivered)
 e - 2 curare-tipped darts
Armour
 b - a +0 robe (worn)
 c - a +0 cloak (worn)
 g - a +0 ring mail
 h - a +0 leather armour
Jewellery
 k - an amulet of reflection (around neck)
Scrolls
 j - a scroll of random uselessness {unknown}
 n - a scroll of teleportation {unknown}
Potions
 f - a potion of heal wounds {unknown}
 l - a potion of magic {unknown}


   Skills:
 + Level 1.6 Fighting
 + Level 2.8 Short Blades
 + Level 2.3 Throwing
 + Level 1.5 Dodging
 + Level 7.1 Stealth


You had 2 spell levels left.
You didn't know any spells.
Your spell library was empty.

Dungeon Overview and Level Annotations

Branches:
Dungeon (2/15)

Altars:


Innate Abilities, Weirdness & Mutations

You are very small and have problems with some larger weapons.
You are too small for most types of armour.
You have supernaturally acute eyesight. (SInv)
You cover ground extremely quickly.


Message History

You hit the centaur.
The centaur is lightly wounded.
The bat closely misses you. The centaur barely misses you.
The centaur completely misses you.
You see here a leopard gecko corpse.
You see here 2 arrows.
The centaur wields a +0 shortbow.
The centaur shoots an arrow.
The arrow hits you.
* * * LOW HITPOINT WARNING * * *
You see here an arrow.
Really read the scroll of immolation?
As you read the scroll of immolation, it crumbles to dust.
The creatures around you are filled with an inner flame!
The centaur shoots an arrow.
The arrow hits you.
* * * LOW HITPOINT WARNING * * *
The centaur shoots an arrow.
The arrow barely misses you.
The centaur shoots an arrow.
The arrow closely misses you.
The centaur shoots an arrow.
The arrow hits you!
Ouch! That really hurt!
You die...

#.........#
#........(#
##.........####
.......rb......
#####.#c##.####
...# # #(##.# ...#
#(.#.# ...#
##.#.#########...#
#@..#...........#
##..#...........##
#.(#..........##.
#.(#..........##.
##.#..........##.
#.#..........#..
#.#..........#..
#.#..........#..
#.#..........#..


You could see a centaur (inner flame) and a rat (inner flame).

Vanquished Creatures
  A gnoll (D:1)
  An adder (D:2)
  2 dart slugs (D:2)
  3 leopard geckos
  2 giant cockroaches
  3 goblins (D:1)
  A hobgoblin (D:1)
  A kobold (D:2)
  2 frilled lizards (D:2)
  6 rats
22 creatures vanquished.

Notes
Turn   | Place    | Note
-------+----------+-------------------------------------------
     0 | D:1      | GarryLv the Spriggan Brigand began the quest for the Orb.
     0 | D:1      | Reached XP level 1. HP: 10/10 MP: 2/2
   253 | D:1      | Reached skill level 6 in Stealth
   273 | D:1      | Reached XP level 2. HP: 14/14 MP: 3/3
   691 | D:2      | Reached XP level 3. HP: 18/18 MP: 4/4
   799 | D:2      | Reached skill level 7 in Stealth
   979 | D:2      | Noticed a centaur
  1001 | D:2      | Shot with an arrow by a centaur

Illustrated notes

Levels and vault maps discovered:
D:1:      enne_arrival_octagon_isle, layout_rooms, moated_statue
D:2:      layout_basic, nicolae_overflow_hidden_temple,
          minmay_goblin_kobold_house

Skill      XL: |  1  2  3 |
---------------+----------+-----
Stealth        | 6 7 |  7.1
Fighting       | |  1.6
Short Blades   | |  2.8
Throwing       | |  2.3
Dodging        | |  1.5

Action                   || total
-------------------------++-------
Melee: Dagger            ||    43
Throw: Dart              ||    18
  Use: Scroll            ||     5
       Potion            ||     1
 Stab: Sleeping          ||     1
Armor: Robe              ||     5
Dodge: Dodged            ||    41
Block: Other             ||     5

Table legend: (Time is in decaauts)
 A = Elapsed time spent in this place.
 B = Non-inter-level travel time spent in this place.
 C = Inter-level travel time spent in this place.
 D = Time resting spent in this place.
 E = Time spent auto-exploring this place.
 F = Levels seen in this place.
 G = Mean time per level.
                   A        B        C        D        E       F      G
               +--------+--------+--------+--------+--------+-----+--------+
         Total |    805 |    805 |      0 |    426 |      0 |   2 |  402.5 |
       Dungeon |    805 |    805 |      0 |    426 |      0 |   2 |  402.5 |
               +--------+--------+--------+--------+--------+-----+--------+

Top non-repeatable levels by time:
     D:1: 488 daAuts
     D:2: 317 daAuts
